 Dungeon Crawl Stone Soup version 0.27.1-4-g1640c2035a (webtiles) character file.

Game seed: 478015758218580063

95 Stomo444 the Cudgeller (level 4, -1/25 HPs)
             Began as a Vine Stalker Monk on Nov 9, 2021.
             Slain by Sigmund (12 damage)
             ... on level 2 of the Dungeon.
             The game lasted 00:02:33 (2408 turns).

Stomo444 the Cudgeller (Vine Stalker Monk)          Turns: 2408, Time: 00:02:33

Health: -1/25      AC:  2    Str: 12 (14) XL:     4   Next: 65%
Magic:  0/5        EV: 17    Int:  9 (10) God:
Gold:   53         SH:  0    Dex: 14 (17) Spells: 3/3 levels left

rFire    . . .     SeeInvis .   l - +0 club
rCold    . . .     Faith    .   (no shield)
rNeg     . . .     Spirit   +   b - +0 robe
rPois    .         Reflect  .   (no helmet)
rElec    .         Harm     .   (no cloak)
rCorr    .         Rampage  .   (no gloves)
Will     .....                  (no boots)
Stlth    ++........             (no amulet)
HPRegen  1.08/turn              c - ring of flight
MPRegen  0.09/turn              j - +4 ring of evasion

@: flying
A: fangs 2, regeneration 1, magic shield, antimagic bite, no potion heal 2
a: no special abilities


You were on level 2 of the Dungeon.
You visited 1 branch of the dungeon, and saw 2 of its levels.

You collected 53 gold pieces.

Inventory:

Hand Weapons
 a - a +0 mace
 k - a +0 morningstar
 l - a +0 club (weapon)
Armour
 b - a +0 robe (worn)
Jewellery
 c - a ring of flight (left hand)
 j - a +4 ring of evasion (right hand)
Scrolls
 d - 2 scrolls of enchant weapon {unknown}
 g - a scroll of noise {unknown}
 i - a scroll of blinking {unknown}
 m - a scroll of immolation {unknown}
 n - a scroll of brand weapon {unknown}
Potions
 e - a potion of magic


   Skills:
 * Level 3.6 Fighting
 * Level 3.6 Maces & Flails
 + Level 2.9 Dodging
 - Level 2.4 Stealth


You had 3 spell levels left.
You didn't know any spells.
Your spell library contained the following spells:

 Spells                   Type           Power      Damage    Failure   Level
 Freeze                   Ice            0%         1d3       38%         1
 Frozen Ramparts          Ice            0%         1d2       77%         3
 Hailstorm                Conj/Ice       0%         3d3       99%         4


Dungeon Overview and Level Annotations

Branches:
Dungeon (2/15)

Altars:

Annotations:
D:2 Sigmund


Innate Abilities, Weirdness & Mutations

You have extremely sharp teeth.
Your natural rate of healing is unusually fast.
When hurt, damage is shared between your health and your magic reserves.
Your bite disrupts and absorbs the magic of your enemies.
Potions cannot restore your health.


Message History

You barely miss the worm.
The worm is moderately wounded.
You hit the worm but do no damage.
The worm is moderately wounded.
The worm bites you.
You hit the worm.
The worm is moderately wounded.
The worm completely misses you.
You hit the worm.
The worm is heavily wounded.
You hit the worm.
The worm is severely wounded.
The worm closely misses you.
You hit the worm. You bite the worm.
You kill the worm!
No target in view!
No target in view!
You see here a worm corpse.
Found a stone staircase leading up.
Sigmund is nearby!
Sigmund is nearby!
There is a stone staircase leading up here.
Sigmund is nearby!
Okay, then.
It was a potion of magic.
Magic courses through your body.
Sigmund casts a spell.
Sigmund flickers and vanishes!
Deactivating autopickup; reactivate with Ctrl-A.
It was a potion of degeneration.
There was something very wrong with that liquid.
You feel weakened.
You feel dopey.
You feel clumsy. Something closely misses you.
It was a potion of flight.
You feel more buoyant. Something hits you.
You miss something. Your bite misses something. Something hits you!
You completely miss something. You miss something. Your bite misses something.
Something hits you!
You miss something. Something hits you!
You die...

#.########.# #.# ###.#
..#### #...#
.....###...#####
#.##...........############
.)...........>........@....
....................#
..###..(......#.{##.#
......##...#...#@##.#
.†........#.#.##.##.#
#.######...##.##.##.#
...........##.##<##.#
#########.###.##.##.# .#
#.....##.##.# .#
#.....##.##.# .#
####........##.# .#
#>.......#####.#


There were no monsters in sight!

Vanquished Creatures
  Jessica (D:2)
  An adder (D:2)
  2 worms (D:2)
  A dart slug (D:1)
  4 ball pythons
  5 endoplasms
  2 giant cockroaches
  6 goblins
  5 hobgoblins
  2 jackals (D:1)
  2 quokkas (D:2)
  3 bats
  7 frilled lizards
  3 kobolds
  6 rats
50 creatures vanquished.

Notes
Turn   | Place    | Note
-------+----------+-------------------------------------------
     0 | D:1      | Stomo444 the Vine Stalker Monk began the quest for the Orb.
     0 | D:1      | Reached XP level 1. HP: 11/11 MP: 2/2
   581 | D:1      | Reached XP level 2. HP: 8/16 MP: 3/3
  1084 | D:1      | Reached XP level 3. HP: 13/20 MP: 2/4
  1568 | D:2      | Noticed Sigmund
  2135 | D:2      | Noticed Jessica
  2144 | D:2      | Killed Jessica
  2145 | D:2      | Gained mutation: Your natural rate of healing is unusually
                  | fast. [Vine Stalker growth]
  2145 | D:2      | Reached XP level 4. HP: 17/24 MP: 2/5
  2408 | D:2      | Slain by Sigmund

Illustrated notes

Levels and vault maps discovered:
D:1:      onia_arrival_handbag, layout_rooms, minmay_octomino_j4
D:2:      minmay_general_purpose_star, layout_loops_ring, uniq_sigmund,
          uniq_jessica

Skill      XL: |  1  2 |
---------------+-------+-----
Fighting       | 3 |  3.6
Maces & Flails | 3 |  3.6
Dodging        | |  2.9
Stealth        | |  2.4

Action                   |  1- 3 |  4- 6 || total
-------------------------+-------+-------++-------
Melee: Mace              |   120 |    10 ||   130
       Bite              |    23 |     6 ||    29
       Club              |       |    30 ||    30
  Use: Potion            |       |     3 ||     3
 Stab: Sleeping          |     5 |     1 ||     6
Armor: Robe              |    20 |     1 ||    21
Dodge: Dodged            |    96 |    38 ||   134
